[Event "ESP-chT 2nd Division 2019"]
[Site "Linares"]
[Date "2019.08.23"]
[Round "7.3"]
[White "Laiz Ibanez, Hector"]
[Black "Garriga Cazorla, Pere"]
[Result "1-0"]
[ECO "C78"]
[WhiteElo "2274"]
[BlackElo "2495"]
[Annotator "ChessBase"]
[PlyCount "65"]
[EventDate "2019.08.19"]
[EventType "team-tourn"]
[EventCountry "ESP"]
[SourceTitle "playchess.com"]
[Source "ChessBase"]
[SourceQuality "1"]
[TimeControl "5400+30"]

1. e4 e5 2. Nf3 Nc6 3. Bb5 a6 4. Ba4 Nf6 5. O-O b5 6. Bb3 Bc5 7. a4 Rb8 8. Nxe5 Nxe5 9. d4 Bxd4 10. Qxd4 d6 11. Bf4 O-O 12. f3 Re8 13. Rd1 Be6 14. Nc3 Nfd7 15. Bd5 b4 16. Ne2 a5 17. Bg3 h5 18. Bxe6 fxe6 19. Bxe5 Nxe5 20. f4 Ng6 21. Qc4 Kh7 22. Rd3 h4 23. Rf1 Qd7 24. Nd4 e5 25. f5 exd4 26. fxg6+ Kxg6 27. Rf4 Re5 28. Rxh4 c5 29. Rg3+ Rg5 30. Qd5 Rxg3 31. Qh5+ Kf6 32. Rf4+ Ke6 33. Qd5+ {[%emt 0:00:19] Kxd5} 1-0

[Event "ESP-chT 2nd Division 2019"]
[Site "Linares"]
[Date "2019.08.23"]
[Round "7.4"]
[White "Fernandez Diaz, Cristian"]
[Black "Abal Cores, Lucas"]
[Result "1/2-1/2"]
[ECO "A81"]
[WhiteElo "2303"]
[BlackElo "2290"]
[Annotator "ChessBase"]
[PlyCount "61"]
[EventDate "2019.08.19"]
[EventType "team-tourn"]
[EventCountry "ESP"]
[SourceTitle "playchess.com"]
[Source "ChessBase"]
[SourceQuality "1"]
[TimeControl "5400+30"]

1. d4 f5 2. g3 Nf6 3. Bg2 g6 4. Nf3 Bg7 5. O-O O-O 6. b3 d6 7. Bb2 c6 8. Nbd2 Na6 9. Ne1 Qe8 10. Nd3 Qf7 11. Re1 Nc7 12. e4 fxe4 13. Nxe4 Nxe4 14. Bxe4 Ne6 15. c3 Ng5 16. f4 Nxe4 17. Rxe4 Bf5 18. Re3 a5 19. Nf2 b5 20. Qe2 Rfe8 21. Re1 Ra7 22. Ne4 Bxe4 23. Rxe4 a4 24. bxa4 Rxa4 25. a3 Kf8 26. Re6 Rc4 27. Qe4 Qf5 28. Qe2 Qf7 29. Qe4 Qf5 30. Qe2 Qf7 31. Qe4 1/2-1/2

[Event "ESP-chT 2nd Division 2019"]
[Site "Linares"]
[Date "2019.08.23"]
[Round "7.5"]
[White "Dorado Meijide, Andrea"]
[Black "Munoz Munoz, Teresa"]
[Result "1-0"]
[ECO "B00"]
[WhiteElo "1762"]
[BlackElo "1808"]
[Annotator "NA"]
[PlyCount "69"]
[EventDate "2019.08.19"]
[EventType "team-tourn"]
[EventCountry "ESP"]
[SourceTitle "playchess.com"]
[Source "ChessBase"]
[SourceQuality "1"]
[TimeControl "5400+30"]

1. e4 b6 2. Nf3 Bb7 3. Qe2 e6 4. g3 g6 5. Bg2 Bg7 6. O-O Ne7 7. Nc3 O-O 8. Re1 d6 9. d4 Nd7 10. Be3 d5 11. exd5 Nxd5 12. Nxd5 Bxd5 13. c4 Bb7 14. Rad1 Nf6 15. Bg5 h6 16. Bf4 g5 17. Bc1 Qd6 18. h4 gxh4 19. Bf4 Qd8 20. Nxh4 Bxg2 21. Nxg2 Ne8 22. Qh5 Qf6 23. Ne3 Qg6 24. Qf3 Rd8 25. Ng4 h5 26. Ne5 Bxe5 27. Rxe5 Ng7 28. Rg5 Qf6 29. Qe3 c5 30. Be5 cxd4 31. Bxf6 dxe3 32. Rxg7+ Kh8 33. Rg5+ Kh7 34. Rxd8 e2 35. Re5 1-0

[Event "ESP-chT 2nd Division 2019"]
[Site "Linares"]
[Date "2019.08.23"]
[Round "7.7"]
[White "Del Rio De Angelis, Salvador G."]
[Black "Nayhebaver, Martin"]
[Result "1-0"]
[ECO "E48"]
[WhiteElo "2472"]
[BlackElo "2469"]
[Annotator "ChessBase"]
[PlyCount "97"]
[EventDate "2019.08.19"]
[EventType "team-tourn"]
[EventCountry "ESP"]
[SourceTitle "playchess.com"]
[Source "ChessBase"]
[SourceQuality "1"]
[TimeControl "5400+30"]

1. d4 Nf6 2. c4 e6 3. Nc3 Bb4 4. e3 O-O 5. Bd3 d5 6. a3 dxc4 7. Bxc4 Be7 8. Nf3 b6 9. O-O Bb7 10. Qe2 Ne4 11. Nxe4 Bxe4 12. Rd1 Qc8 13. b4 Qb7 14. Bb2 a6 15. Nd2 Bc6 16. Qg4 Bd5 17. e4 f5 18. Bxd5 exd5 19. exf5 Qc8 20. Re1 Bd6 21. Re6 Nc6 22. Ne4 Qd8 23. Ng5 Qd7 24. Rae1 Nd8 25. R6e3 Nf7 26. Ne6 Nh6 27. Nxf8 Bxh2+ 28. Kh1 Rxf8 29. Qf3 Bd6 30. Qxd5+ Kh8 31. Qe6 Qd8 32. f6 Qxf6 33. Qxf6 gxf6 34. Rf3 Kg7 35. Bc1 Ng8 36. Bf4 Bxf4 37. Rxf4 Rd8 38. Rg4+ Kf7 39. Rh4 h6 40. Rc1 Rd7 41. Rc3 f5 42. Rc6 Kg7 43. Kg1 Nf6 44. Rf4 Nd5 45. Rh4 Nf6 46. Kf1 h5 47. Rh3 f4 48. Rd3 Kg6 49. d5 1-0

[Event "ESP-chT 2nd Division 2019"]
[Site "Linares"]
[Date "2019.08.23"]
[Round "7.8"]
[White "Khamrakulov, Ibragim S."]
[Black "Iruzubieta Villaluenga, Jesus M"]
[Result "0-1"]
[ECO "C55"]
[WhiteElo "2429"]
[BlackElo "2438"]
[Annotator "ChessBase"]
[PlyCount "74"]
[EventDate "2019.08.19"]
[EventType "team-tourn"]
[EventCountry "ESP"]
[SourceTitle "playchess.com"]
[Source "ChessBase"]
[SourceQuality "1"]
[TimeControl "5400+30"]

1. e4 e5 2. Nf3 Nc6 3. Bc4 Nf6 4. d3 h6 5. O-O d6 6. Nc3 Na5 7. Bb3 Nxb3 8. axb3 Be7 9. d4 exd4 10. Qxd4 a6 11. b4 Bg4 12. Nd2 O-O 13. Nc4 Re8 14. h3 Be6 15. Bf4 d5 16. exd5 Bxb4 17. Ne3 Bxc3 18. Qxc3 Nxd5 19. Nxd5 Qxd5 20. Bxc7 Rac8 21. Qg3 Bxh3 22. gxh3 Re6 23. Ra4 h5 24. Ra5 b5 25. c4 Qxc4 26. Bf4 Rg6 27. Bg5 f6 28. h4 fxg5 29. hxg5 Qc5 30. Kh1 Rxg5 31. Qb3+ Qc4 32. Qxc4+ Rxc4 33. f4 Rf5 34. Rxa6 Rcxf4 35. Rg1 Rh4+ 36. Kg2 Rg5+ 37. Kf2 Rh2+ 0-1

[Event "ESP-chT 2nd Division 2019"]
[Site "Linares"]
[Date "2019.08.23"]
[Round "7.9"]
[White "Trigo Urquijo, Sergio"]
[Black "Soham Das"]
[Result "1/2-1/2"]
[ECO "B52"]
[WhiteElo "2385"]
[BlackElo "2339"]
[Annotator "ChessBase"]
[PlyCount "61"]
[EventDate "2019.08.19"]
[EventType "team-tourn"]
[EventCountry "ESP"]
[SourceTitle "playchess.com"]
[Source "ChessBase"]
[SourceQuality "1"]
[TimeControl "5400+30"]

1. e4 c5 2. Nf3 d6 3. Bb5+ Bd7 4. Bxd7+ Nxd7 5. O-O Ngf6 6. Qe2 Rc8 7. b3 g6 8. Bb2 Bg7 9. c4 e5 10. Nc3 Nf8 11. Nd5 Ne6 12. g3 O-O 13. d3 Nxd5 14. cxd5 Nd4 15. Nxd4 exd4 16. f4 f5 17. exf5 Re8 18. Qg4 Qd7 19. Rae1 Qxf5 20. Qxf5 gxf5 21. Rxe8+ Rxe8 22. Kf2 Kf7 23. Re1 Rxe1 24. Kxe1 b5 25. Bc1 a5 26. a4 b4 27. Ke2 Kg6 28. Kf3 h5 29. Bd2 Bf6 30. h3 Be7 31. Be1 1/2-1/2

[Event "ESP-chT 2nd Division 2019"]
[Site "Linares"]
[Date "2019.08.23"]
[Round "7.10"]
[White "Calzetta Ruiz, Monica"]
[Black "Sosa Suarez, Carla Cristina"]
[Result "0-1"]
[ECO "C03"]
[WhiteElo "2257"]
[BlackElo "2135"]
[Annotator "ChessBase"]
[PlyCount "64"]
[EventDate "2019.08.19"]
[EventType "team-tourn"]
[EventCountry "ESP"]
[SourceTitle "playchess.com"]
[Source "ChessBase"]
[SourceQuality "1"]
[TimeControl "5400+30"]

1. e4 e6 2. d4 d5 3. Nd2 Be7 4. e5 c5 5. c3 Nc6 6. Bd3 Bd7 7. Ndf3 f6 8. Ne2 fxe5 9. dxe5 Qc7 10. Bf4 Nh6 11. Ng3 Nf7 12. h4 O-O-O 13. Qe2 g6 14. O-O-O c4 15. Bb1 Kb8 16. Qe3 Ka8 17. Ne2 b5 18. Ned4 Nxd4 19. Nxd4 b4 20. Rh3 Rb8 21. Nc2 bxc3 22. Qxc3 Rhc8 23. Rf3 Ba4 24. Rd2 Rb7 25. Nd4 Qd7 26. Qa5 Bb4 27. Qa6 Rb6 28. Qxc8+ Qxc8 29. Re2 Bc5 30. Rd2 Qb7 31. Bg3 Bxd4 32. Rxd4 Rxb2 0-1

[Event "ESP-chT 2nd Division 2019"]
[Site "Linares"]
[Date "2019.08.23"]
[Round "7.11"]
[White "Gamundi Salamanca, Antonio"]
[Black "Bernabeu Lopez, Carlos Javier"]
[Result "1/2-1/2"]
[ECO "A48"]
[WhiteElo "2444"]
[BlackElo "2370"]
[Annotator "ChessBase"]
[PlyCount "125"]
[EventDate "2019.08.19"]
[EventType "team-tourn"]
[EventCountry "ESP"]
[SourceTitle "playchess.com"]
[Source "ChessBase"]
[SourceQuality "1"]
[TimeControl "5400+30"]

1. d4 Nf6 2. Nf3 g6 3. Bg5 Bg7 4. Nbd2 d5 5. e3 O-O 6. Bd3 c6 7. O-O Bg4 8. h3 Bxf3 9. Nxf3 Nbd7 10. c4 e6 11. Rc1 Re8 12. cxd5 exd5 13. b4 a6 14. a4 Re6 15. b5 cxb5 16. axb5 a5 17. Qc2 Bf8 18. Qc7 Bd6 19. Qxd8+ Rxd8 20. Rc2 Ra8 21. Rfc1 Ree8 22. Bf4 Bxf4 23. exf4 Nb6 24. Ne5 Rec8 25. Kf1 Rxc2 26. Rxc2 a4 27. Ke2 a3 28. Ra2 Ne4 29. Ra1 a2 30. Ng4 Nd6 31. Ne3 Ra4 32. g3 Ne4 33. Nd1 Ra3 34. Bxe4 dxe4 35. Ne3 Na4 36. Kd2 Rd3+ 37. Kc2 Nc3 38. b6 Kg7 39. Kb2 Na4+ 40. Kxa2 Rxd4 41. Kb3 Nxb6 42. Rd1 Rxd1 43. Nxd1 f5 44. Kb4 Kf6 45. Kc5 Nc8 46. Ne3 Ke6 47. Nc4 Kd7 48. Ne5+ Kc7 49. Kd5 Ne7+ 50. Ke6 Nc6 51. Nc4 b5 52. Nd2 Nb4 53. g4 fxg4 54. hxg4 Nd3 55. f5 gxf5 56. gxf5 Nxf2 57. f6 e3 58. f7 exd2 59. f8=Q d1=Q 60. Qc5+ Kb7 61. Qxb5+ Kc7 62. Qc5+ Kb7 63. Qb5+ 1/2-1/2

[Event "ESP-chT 2nd Division 2019"]
[Site "Linares"]
[Date "2019.08.23"]
[Round "7.12"]
[White "Blanco Acevedo, Cristobal Jose"]
[Black "Perez Garcia, Alejandro"]
[Result "0-1"]
[ECO "D45"]
[WhiteElo "2342"]
[BlackElo "2347"]
[Annotator "ChessBase"]
[PlyCount "118"]
[EventDate "2019.08.19"]
[EventType "team-tourn"]
[EventCountry "ESP"]
[SourceTitle "playchess.com"]
[Source "ChessBase"]
[SourceQuality "1"]
[TimeControl "5400+30"]

1. d4 Nf6 2. c4 e6 3. Nf3 d5 4. Nc3 c6 5. e3 Nbd7 6. Qc2 Bd6 7. g4 h6 8. Rg1 e5 9. h3 a6 10. Bd2 Qe7 11. O-O-O e4 12. Nh4 g6 13. c5 Bh2 14. Rh1 Bc7 15. f4 b6 16. cxb6 Nxb6 17. Be1 Bd7 18. Kb1 a5 19. Rc1 Bd6 20. Ka1 O-O 21. Rg1 Nh7 22. Be2 Rfc8 23. Rf1 c5 24. dxc5 Bxc5 25. Qd2 Nc4 26. Bxc4 dxc4 27. f5 g5 28. f6 Nxf6 29. Nf5 Bxf5 30. Rxf5 a4 31. a3 Rd8 32. Qf2 Ra6 33. Na2 Nd5 34. Rxc4 Bxe3 35. Qe2 Qe6 36. Nc3 Nf4 37. Qf1 Bd4 38. Nb5 Be5 39. Bc3 Bxc3 40. Nxc3 Rad6 41. Rxe4 Qb3 42. Re1 Rb6 43. Rb5 Rxb5 44. Qxb5 Qxb5 45. Nxb5 Nxh3 46. Rh1 Nf2 47. Rxh6 Nxg4 48. Ra6 Ne3 49. Rxa4 g4 50. Re4 Rd1+ 51. Ka2 Re1 52. Nd4 g3 53. Nf3 g2 54. Kb3 Rf1 55. Ng1 Rxg1 56. Rxe3 f5 57. Rg3+ Kh7 58. Kc2 f4 59. Rg4 f3 0-1

[Event "ESP-chT 2nd Division 2019"]
[Site "Linares"]
[Date "2019.08.23"]
[Round "7.13"]
[White "Anaya Lopez, Victor Jose"]
[Black "Castilla Leon Salas, Carlos"]
[Result "1-0"]
[ECO "B39"]
[WhiteElo "2194"]
[BlackElo "2252"]
[Annotator "ChessBase"]
[PlyCount "79"]
[EventDate "2019.08.19"]
[EventType "team-tourn"]
[EventCountry "ESP"]
[SourceTitle "playchess.com"]
[Source "ChessBase"]
[SourceQuality "1"]
[TimeControl "5400+30"]

1. e4 c5 2. Ne2 Nc6 3. d4 cxd4 4. Nxd4 g6 5. c4 Bg7 6. Be3 Nf6 7. Nc3 Ng4 8. Qxg4 Nxd4 9. Qd1 Ne6 10. Rc1 d6 11. Qd2 Qa5 12. Bd3 g5 13. b3 h5 14. h4 g4 15. Nd5 Qxd2+ 16. Kxd2 Bh6 17. f3 gxf3 18. gxf3 Bxe3+ 19. Kxe3 Kf8 20. b4 b6 21. f4 Bb7 22. Rhg1 Rc8 23. Be2 Ke8 24. f5 Nd8 25. b5 Bxd5 26. cxd5 Rxc1 27. Rxc1 Kd7 28. f6 exf6 29. Bf1 f5 30. Bh3 Re8 31. Bxf5+ Ke7 32. Rc7+ Kf6 33. Kf4 Re7 34. Rc8 Nb7 35. Rc6 Re8 36. Bc8 Na5 37. Rxd6+ Ke7 38. Rd7+ Kf6 39. Rc7 Re7 40. d6 1-0

[Event "ESP-chT 2nd Division 2019"]
[Site "Linares"]
[Date "2019.08.23"]
[Round "7.14"]
[White "Leon Acosta, Miguel"]
[Black "Perera Borrego, Maria Adela"]
[Result "1/2-1/2"]
[ECO "A05"]
[WhiteElo "2155"]
[BlackElo "2186"]
[Annotator "ChessBase"]
[PlyCount "94"]
[EventDate "2019.08.19"]
[EventType "team-tourn"]
[EventCountry "ESP"]
[SourceTitle "playchess.com"]
[Source "ChessBase"]
[SourceQuality "1"]
[TimeControl "5400+30"]

1. Nf3 Nf6 2. g3 d5 3. Bg2 c5 4. O-O Nc6 5. d4 e6 6. c4 Be7 7. Nc3 dxc4 8. Qa4 O-O 9. dxc5 Qa5 10. Qxc4 Qxc5 11. Qxc5 Bxc5 12. Bf4 Nd5 13. Nxd5 exd5 14. Rac1 Be7 15. Rfd1 Be6 16. Ne5 g5 17. Nxc6 bxc6 18. Bc7 Bd7 19. e4 Rac8 20. exd5 Rxc7 21. d6 Bxd6 22. Rxd6 Rb8 23. b3 Kg7 24. Rc4 Rb6 25. h4 h6 26. hxg5 hxg5 27. f4 gxf4 28. gxf4 Kf8 29. Rc5 Rb5 30. Re5 Rxe5 31. fxe5 c5 32. Bd5 Ke7 33. Kf2 Bc8 34. Ke3 Rd7 35. Rxd7+ Bxd7 36. Kd3 Bb5+ 37. Kc3 f6 38. exf6+ Kxf6 39. b4 Ke5 40. bxc5 Kxd5 41. a4 Bxa4 42. c6 Bxc6 43. Kb2 Kc4 44. Ka1 Kb3 45. Kb1 a5 46. Ka1 a4 47. Kb1 a3 1/2-1/2

[Event "ESP-chT 2nd Division 2019"]
[Site "Linares"]
[Date "2019.08.23"]
[Round "7.15"]
[White "Terron Elena, Francisco M."]
[Black "Ordonez Torres, Maria Del Carmen"]
[Result "1-0"]
[ECO "D70"]
[WhiteElo "2167"]
[BlackElo "2027"]
[Annotator "ChessBase"]
[PlyCount "67"]
[EventDate "2019.08.19"]
[EventType "team-tourn"]
[EventCountry "ESP"]
[SourceTitle "playchess.com"]
[Source "ChessBase"]
[SourceQuality "1"]
[TimeControl "5400+30"]

1. d4 Nf6 2. c4 g6 3. Nf3 Bg7 4. g3 d6 5. Bg2 O-O 6. O-O Nbd7 7. Qc2 e5 8. Rd1 Qe7 9. Nc3 c6 10. e4 a6 11. b3 Re8 12. Ba3 exd4 13. Nxd4 c5 14. Nde2 Rb8 15. Nf4 b5 16. Ncd5 Nxd5 17. Nxd5 Qf8 18. Rab1 Ne5 19. cxb5 axb5 20. f4 Nc6 21. Bb2 Nd4 22. Bxd4 cxd4 23. Nb4 Bb7 24. Rbc1 Rbc8 25. Qd3 Rc5 26. Rc2 Rec8 27. Re2 Qd8 28. Bh3 Rc3 29. Qxb5 Rb8 30. Na6 Bc6 31. Qxb8 Qxb8 32. Nxb8 Bb5 33. Red2 d3 34. Bd7 1-0

[Event "ESP-chT 2nd Division 2019"]
[Site "Linares"]
[Date "2019.08.23"]
[Round "7.16"]
[White "Lopez Mulet, Inigo"]
[Black "Adla, Diego"]
[Result "0-1"]
[ECO "A62"]
[WhiteElo "2397"]
[BlackElo "2424"]
[Annotator "ChessBase"]
[PlyCount "86"]
[EventDate "2019.08.19"]
[EventType "team-tourn"]
[EventCountry "ESP"]
[SourceTitle "playchess.com"]
[Source "ChessBase"]
[SourceQuality "1"]
[TimeControl "5400+30"]

1. d4 Nf6 2. c4 e6 3. g3 c5 4. d5 exd5 5. cxd5 d6 6. Nc3 g6 7. Bg2 Bg7 8. Nf3 O-O 9. O-O Re8 10. Re1 a6 11. a4 Nbd7 12. e4 Ng4 13. Nh4 Nge5 14. f4 Nc4 15. Nf3 Rb8 16. Qc2 Na5 17. e5 dxe5 18. d6 Qb6 19. fxe5 Nxe5 20. Bf4 Bf5 21. Qe2 Nac4 22. Rad1 Rbd8 23. Nd5 Qxd6 24. Nxe5 Nxe5 25. Bg5 Bg4 26. Qf2 Bxd1 27. Rxd1 f6 28. Bxf6 Bxf6 29. Qxf6 Qxf6 30. Nxf6+ Kh8 31. Rc1 Nd3 32. Rd1 Nxb2 33. Rb1 Re6 34. Nd5 Re2 35. Nc3 Rc2 36. Bxb7 Rxc3 37. Rxb2 Rb8 38. Rb6 Rc4 39. a5 Rb4 40. Rxb4 cxb4 41. Bxa6 b3 42. Bd3 b2 43. Bb1 Rc8 0-1

[Event "ESP-chT 2nd Division 2019"]
[Site "Linares"]
[Date "2019.08.23"]
[Round "7.17"]
[White "Glavina, Pablo"]
[Black "Carrasco Martinez, Juan M."]
[Result "0-1"]
[ECO "A15"]
[WhiteElo "2407"]
[BlackElo "2374"]
[Annotator "ChessBase"]
[PlyCount "81"]
[EventDate "2019.08.19"]
[EventType "team-tourn"]
[EventCountry "ESP"]
[SourceTitle "playchess.com"]
[Source "ChessBase"]
[SourceQuality "1"]
[TimeControl "5400+30"]

1. c4 Nf6 2. g3 c6 3. Bg2 d5 4. Nf3 g6 5. b3 Bg7 6. Bb2 O-O 7. O-O a5 8. d3 Na6 9. a3 Bg4 10. Nbd2 Bxf3 11. Nxf3 e6 12. Qc2 Nd7 13. Bxg7 Kxg7 14. e4 dxe4 15. dxe4 Qf6 16. Rfe1 Ne5 17. Nd4 Rfd8 18. Rad1 Nc5 19. Re2 Rxd4 20. Rxd4 Nf3+ 21. Bxf3 Qxd4 22. Re1 Qf6 23. Bg4 Rd8 24. Kg2 h5 25. Be2 e5 26. Rd1 Rxd1 27. Bxd1 Qd6 28. Bf3 Qd4 29. h4 Nd3 30. Kf1 f5 31. exf5 e4 32. Bd1 Nxf2 33. f6+ Kf7 34. Qxf2 Qxd1+ 35. Kg2 Qxb3 36. Qd4 Qf3+ 37. Kh2 Qf5 38. a4 Qe6 39. Kg2 e3 40. Kf3 e2 41. Qd1 0-1

[Event "ESP-chT 2nd Division 2019"]
[Site "Linares"]
[Date "2019.08.23"]
[Round "7.18"]
[White "Figuero Toro, Julian Francisco"]
[Black "Quintin Navarro, Alberto"]
[Result "0-1"]
[ECO "C58"]
[WhiteElo "2268"]
[BlackElo "2376"]
[Annotator "ChessBase"]
[PlyCount "45"]
[EventDate "2019.08.19"]
[EventType "team-tourn"]
[EventCountry "ESP"]
[SourceTitle "playchess.com"]
[Source "ChessBase"]
[SourceQuality "1"]
[TimeControl "5400+30"]

1. e4 e5 2. Nf3 Nc6 3. Bc4 Nf6 4. Ng5 d5 5. exd5 Na5 6. Bb5+ c6 7. dxc6 bxc6 8. Bd3 Nd5 9. h4 Nf4 10. Bf1 h6 11. Nf3 e4 12. d4 Ne6 13. Ne5 Qxd4 14. Qh5 g6 15. Nxg6 fxg6 16. Qxg6+ Kd8 17. Nc3 Bb4 18. Bd2 Nf4 19. Qf7 Rf8 20. Qxf8+ Bxf8 21. Bxf4 Bg4 22. f3 exf3 23. Bc1 0-1

[Event "ESP-chT 2nd Division 2019"]
[Site "Linares"]
[Date "2019.08.23"]
[Round "7.19"]
[White "Chueca Lorente, Javier"]
[Black "Gonzalez Cano, Juan Jose"]
[Result "1/2-1/2"]
[ECO "A20"]
[WhiteElo "2144"]
[BlackElo "2019"]
[Annotator "ChessBase"]
[PlyCount "77"]
[EventDate "2019.08.19"]
[EventType "team-tourn"]
[EventCountry "ESP"]
[SourceTitle "playchess.com"]
[Source "ChessBase"]
[SourceQuality "1"]
[TimeControl "5400+30"]

1. c4 e5 2. g3 Nf6 3. Bg2 d5 4. cxd5 Nxd5 5. Nc3 Nb6 6. Nf3 Nc6 7. O-O Be7 8. a3 a5 9. b3 O-O 10. Bb2 Be6 11. d3 f6 12. Rc1 Qd7 13. Nb5 a4 14. Nd2 Ra5 15. Nc3 Nd4 16. b4 Ra7 17. Nce4 Nb3 18. Nc5 Bxc5 19. bxc5 Nxc1 20. cxb6 Nxe2+ 21. Qxe2 cxb6 22. Qe3 Ra5 23. Ne4 Rc8 24. d4 Rb5 25. Bc3 exd4 26. Bxd4 Rb3 27. Qd2 Rxa3 28. Qb2 Rb3 29. Qa1 Kf7 30. Bxf6 gxf6 31. Qxf6+ Kg8 32. Ng5 Bc4 33. Bh3 Qg7 34. Be6+ Kh8 35. Nf7+ Kg8 36. Nh6+ Kh8 37. Nf7+ Kg8 38. Nd6+ Kh8 39. Qxg7+ 1/2-1/2

[Event "ESP-chT 2nd Division 2019"]
[Site "Linares"]
[Date "2019.08.23"]
[Round "7.20"]
[White "Guillo Longares, Cecilia"]
[Black "Roque Sola, Gisela"]
[Result "1/2-1/2"]
[ECO "A19"]
[WhiteElo "1916"]
[BlackElo "2048"]
[Annotator "NA"]
[PlyCount "39"]
[EventDate "2019.08.19"]
[EventType "team-tourn"]
[EventCountry "ESP"]
[SourceTitle "playchess.com"]
[Source "ChessBase"]
[SourceQuality "1"]
[TimeControl "5400+30"]

1. c4 Nf6 2. Nc3 e6 3. e4 c5 4. e5 Ng8 5. d4 cxd4 6. Qxd4 Nc6 7. Qe4 d6 8. f4 dxe5 9. fxe5 Qa5 10. Nf3 Bb4 11. Bd2 Nge7 12. a3 Nf5 13. g4 Nfe7 14. O-O-O Bxa3 15. bxa3 Qxa3+ 16. Kb1 Qb3+ 17. Kc1 Qa3+ 18. Kb1 Qb3+ 19. Kc1 Qa3+ 20. Kb1 1/2-1/2

[Event "ESP-chT 2nd Division 2019"]
[Site "Linares"]
[Date "2019.08.23"]
[Round "7.21"]
[White "Montoliu Cervero, Francisco"]
[Black "Cruz Lledo, Pablo"]
[Result "1/2-1/2"]
[ECO "B15"]
[WhiteElo "2393"]
[BlackElo "2445"]
[Annotator "ChessBase"]
[PlyCount "149"]
[EventDate "2019.08.19"]
[EventType "team-tourn"]
[EventCountry "ESP"]
[SourceTitle "playchess.com"]
[Source "ChessBase"]
[SourceQuality "1"]
[TimeControl "5400+30"]

1. e4 c6 2. d4 d5 3. Nc3 g6 4. h3 Bg7 5. Nf3 dxe4 6. Nxe4 Nf6 7. Nxf6+ exf6 8. Bc4 O-O 9. O-O a5 10. a4 Na6 11. Bf4 Nb4 12. c3 Nd5 13. Bh2 Be6 14. Qb3 Qd7 15. Rfe1 Rfe8 16. Nd2 f5 17. Nf3 f6 18. Re2 Bf7 19. Rae1 Rxe2 20. Rxe2 g5 21. Nd2 h5 22. Qc2 f4 23. Bd3 Ne7 24. Ne4 h4 25. Nd2 Re8 26. Nc4 Qc7 27. Kf1 Bf8 28. Re1 Rd8 29. f3 Nd5 30. Bg1 Kg7 31. Qe2 Re8 32. Qd2 b5 33. Rxe8 Bxe8 34. Na3 Bxa3 35. bxa3 Qe7 36. Qc1 Bg6 37. Bxg6 Kxg6 38. Bf2 Kh6 39. Qb2 Qe8 40. Qb3 Qd7 41. axb5 cxb5 42. c4 bxc4 43. Qxc4 a4 44. Qc5 Kg7 45. Kg1 Kf7 46. Kh2 Ne7 47. Qc4+ Kg7 48. Be1 Nf5 49. Bf2 Ne7 50. Kg1 Nd5 51. Kf1 Qb7 52. Kg1 Qb3 53. Qc5 Kf7 54. Kh2 Qa2 55. Qd6 Ne7 56. Be1 Qe6 57. Qb4 Nf5 58. Bf2 Qe2 59. Bg1 Qd1 60. Qb7+ Kg6 61. Qd7 Qb3 62. Qe8+ Kg7 63. Qd7+ Kg6 64. Qe8+ Kh7 65. Qe4 Kg6 66. d5 Qxa3 67. Qe8+ Kg7 68. Qd7+ Kg6 69. Qe8+ Kg7 70. Qc8 Ne3 71. Qc7+ Kh6 72. Bxe3 fxe3 73. Qd8 Qc3 74. Qh8+ Kg6 75. Qg8+ 1/2-1/2

[Event "ESP-chT 2nd Division 2019"]
[Site "Linares"]
[Date "2019.08.23"]
[Round "7.22"]
[White "Barbera Estelles, Rosendo"]
[Black "Gavarrete, Nahun"]
[Result "0-1"]
[ECO "B20"]
[WhiteElo "2176"]
[BlackElo "2349"]
[Annotator "ChessBase"]
[PlyCount "118"]
[EventDate "2019.08.19"]
[EventType "team-tourn"]
[EventCountry "ESP"]
[SourceTitle "playchess.com"]
[Source "ChessBase"]
[SourceQuality "1"]
[TimeControl "5400+30"]

1. e4 c5 2. Be2 Nc6 3. f4 g6 4. Nf3 Bg7 5. O-O e6 6. d3 Nge7 7. c3 O-O 8. Be3 d6 9. Na3 b6 10. d4 f5 11. e5 Nd5 12. Qd2 cxd4 13. cxd4 dxe5 14. dxe5 Nxe3 15. Qxe3 Ne7 16. Nb5 Nd5 17. Qd2 Bh6 18. g3 Ba6 19. Nfd4 Re8 20. Rfd1 Bf8 21. Nxe6 Rxe6 22. Qxd5 Qxd5 23. Rxd5 Rc6 24. Rad1 Rc2 25. R5d2 Rxd2 26. Rxd2 Rc8 27. Nd6 Rc1+ 28. Kf2 Bxe2 29. Kxe2 Bxd6 30. Rxd6 Kf8 31. Rd8+ Ke7 32. Ra8 Rc2+ 33. Ke3 Rxh2 34. Rxa7+ Ke6 35. b4 g5 36. Ra6 gxf4+ 37. Kxf4 Rf2+ 38. Ke3 Rb2 39. Rxb6+ Kxe5 40. Rb5+ Kd6 41. a4 Kc6 42. Rc5+ Kd6 43. Rc4 Kd5 44. Rf4 Rb3+ 45. Kf2 Rb2+ 46. Kf3 Rb3+ 47. Kg2 Ke5 48. Kh3 Rb2 49. a5 Ra2 50. Rc4 Ra4 51. Kh4 h6 52. Rc5+ Ke4 53. Rb5 Ra1 54. Kh5 Ra3 55. Kxh6 Rxg3 56. a6 Rg8 57. a7 Ra8 58. Rb7 f4 59. b5 Kd4 0-1

[Event "ESP-chT 2nd Division 2019"]
[Site "Linares"]
[Date "2019.08.23"]
[Round "7.23"]
[White "Silva Rodriguez, Fernando"]
[Black "Garcia Amoros, Pablo"]
[Result "1/2-1/2"]
[ECO "B90"]
[WhiteElo "2253"]
[BlackElo "2101"]
[Annotator "ChessBase"]
[PlyCount "59"]
[EventDate "2019.08.19"]
[EventType "team-tourn"]
[EventCountry "ESP"]
[SourceTitle "playchess.com"]
[Source "ChessBase"]
[SourceQuality "1"]
[TimeControl "5400+30"]

1. e4 c5 2. Nf3 d6 3. d4 cxd4 4. Nxd4 Nf6 5. Nc3 a6 6. h3 e6 7. g4 d5 8. exd5 Nxd5 9. Nde2 Qa5 10. Bg2 Nxc3 11. Nxc3 Be7 12. Bd2 Qe5+ 13. Qe2 Qxe2+ 14. Kxe2 Nd7 15. Be3 Bc5 16. Ne4 Bxe3 17. fxe3 Ra7 18. Rhf1 Ke7 19. Rad1 b6 20. Nd6 f6 21. Be4 Nc5 22. Nxc8+ Rxc8 23. Bxh7 Rh8 24. Bg6 Rh6 25. Bd3 Rxh3 26. Rh1 Rxh1 27. Rxh1 Nxd3 28. cxd3 Rc7 29. Kd2 Kd6 30. Rh5 {[%emt 0:01:04] Ke5} 1/2-1/2

[Event "ESP-chT 2nd Division 2019"]
[Site "Linares"]
[Date "2019.08.23"]
[Round "7.24"]
[White "Gonzalez Aguirre, Luis"]
[Black "Nieves Cabanes, Javier"]
[Result "0-1"]
[ECO "A05"]
[WhiteElo "2112"]
[BlackElo "2211"]
[Annotator "ChessBase"]
[PlyCount "62"]
[EventDate "2019.08.19"]
[EventType "team-tourn"]
[EventCountry "ESP"]
[SourceTitle "playchess.com"]
[Source "ChessBase"]
[SourceQuality "1"]
[TimeControl "5400+30"]

1. Nf3 Nf6 2. c4 e6 3. Nc3 d5 4. cxd5 exd5 5. d4 Bb4 6. Bg5 Nbd7 7. Qc2 c5 8. e3 Qa5 9. Bd3 c4 10. Bf5 O-O 11. O-O Re8 12. Nd2 g6 13. Bh3 Bxc3 14. bxc3 Ne4 15. Nxe4 dxe4 16. Bxd7 Bxd7 17. Bf4 Re6 18. Rfb1 Qd5 19. Qb2 b6 20. Qa3 g5 21. Be5 h5 22. h3 h4 23. Rb4 Rg6 24. Rab1 f6 25. Bh2 g4 26. hxg4 Qg5 27. Qa6 Qxg4 28. Qxc4+ Kh8 29. Qf1 Rag8 30. Kh1 Qh5 31. d5 Bh3 0-1

[Event "ESP-chT 2nd Division 2019"]
[Site "Linares"]
[Date "2019.08.23"]
[Round "7.25"]
[White "Ortega Sanchis, Angela"]
[Black "Castellet Menchon, Cora"]
[Result "0-1"]
[ECO "B24"]
[WhiteElo "1675"]
[BlackElo "1866"]
[Annotator "NA"]
[PlyCount "44"]
[EventDate "2019.08.19"]
[EventType "team-tourn"]
[EventCountry "ESP"]
[SourceTitle "playchess.com"]
[Source "ChessBase"]
[SourceQuality "1"]
[TimeControl "5400+30"]

1. e4 c5 2. Nc3 Nc6 3. a3 g6 4. Bc4 Bg7 5. d3 e6 6. Ba2 Nge7 7. h4 h5 8. Bg5 a6 9. Nge2 b5 10. Qd2 Qb6 11. Qf4 f6 12. Bxf6 Rf8 13. e5 Nxe5 14. Qxe5 Bxf6 15. Qe3 Bd4 16. Qc1 Bxf2+ 17. Kd1 Bb7 18. Ne4 Bxe4 19. dxe4 c4 20. Rf1 Be3 21. Rxf8+ Kxf8 22. Qb1 Qd6+ 0-1